 Dungeon Crawl Stone Soup version 0.29-a0-830-gcb1280458a (webtiles) character file.

Game seed: 7323361428626937858

1734 IdlyInterested the Cutter (level 8, 0/88 (90) HPs)
             Began as a Demonspawn Gladiator on July 11, 2022.
             Slain by a wight
             ... wielding a +0 scimitar
              (1 damage)
             ... on level 6 of the Dungeon.
             The game lasted 00:17:04 (6705 turns).

IdlyInterested the Cutter (Demonspawn Gladiator)    Turns: 6705, Time: 00:17:05

HP:   0/88 (90)     AC: 24    Str: 19 (21) XL:     8   Next: 76%
MP:   8/8           EV:  2    Int: 10      God:
Gold: 282           SH:  0    Dex: 13 (16) Spells: 7/7 levels left

rFire   . . .      SeeInvis +   a - +1 rapier
rCold   . . .      Faith    .   (no shield)
rNeg    . . .      Spirit   .   (body armour currently unavailable)
rPois   +          Reflect  .   (helmet currently unavailable)
rElec   .          Harm     .   (cloak currently unavailable)
rCorr   .          Rampage  .   (gloves currently unavailable)
Will    .....      NoTele   +   (boots currently unavailable)
Stlth   +++.......              (no amulet)
HPRegen 1.24/turn               h - ring of see invisible
MPRegen 0.11/turn               b - +6 ring of strength

@: tree-form, lightly drained
A: stationary, stasis, torment immunity, boosted hp, (hooves 1), demonic
guardian 1, powered by death 2, (sturdy frame 2)
a: no special abilities


You were on level 6 of the Dungeon.
You were a tree.
You visited 2 branches of the dungeon, and saw 7 of its levels.

You collected 282 gold pieces.

Inventory:

Hand Weapons
 a - a +1 rapier (weapon)
 g - a +0 rapier
 H - a +2 short sword
Missiles
 d - 2 throwing nets (quivered)
 e - a javelin
 o - 6 boomerangs
 D - 6 poisoned darts
Armour
 c - a +0 helmet (melded)
 f - a +2 robe of cold resistance
 j - a +2 leather armour of willpower
 n - a +0 chain mail (melded)
 q - a +3 leather armour
Magical Staves
 u - a staff of cold
Jewellery
 b - a +6 ring of strength (right branch)
 h - a ring of see invisible (left branch)
 i - a ring of ice
Wands
 w - a wand of roots (11)
 F - a wand of flame (15)
Scrolls
 k - 3 scrolls of teleportation
 m - 2 scrolls of poison
 p - a scroll of enchant armour {unknown}
 y - 2 scrolls of fear
 A - a scroll of fog
 E - a scroll of magic mapping
 G - a scroll of blinking
Potions
 l - 2 potions of brilliance
 r - a potion of mutation
 s - a potion of lignification
 t - a potion of flight {unknown}
 v - a potion of haste {unknown}
 x - a potion of cancellation {unknown}
 z - a potion of curing {unknown}
 B - a potion of magic {unknown}
 C - a potion of heal wounds {unknown}


   Skills:
 - Level 4.0 Fighting
 * Level 7.9 Short Blades
 - Level 2.0 Throwing
 - Level 2.0 Armour
 - Level 4.0 Dodging
 + Level 5.4 Stealth
 + Level 0.0 Evocations


You had 7 spell levels left.
You didn't know any spells.
Your spell library contained the following spells:

 Spells                   Type           Power      Damage    Failure   Level
 Fulminant Prism          Conj/Hex       0%         3d6       98%         4
 Iskenderun's Mystic Bla  Conj/Tloc      0%         2d3       98%         4
 Lee's Rapid Deconstruct  Erth           0%         3d5*      100%        5


Dungeon Overview and Level Annotations

Branches:
Dungeon (6/15)             Temple (1/1) D:5

Altars:
Ashenzari
Cheibriados
Fedhas
Hepliaklqana
Kikubaaqudgha
Makhleb
Nemelex Xobeh
Okawaru
Qazlal
Ru
Sif Muna
Trog
Wu Jian
Xom
Yredelemnul


Innate Abilities, Weirdness & Mutations

You are a tree.
Your roots penetrate the ground, keeping you stationary.
You cannot be teleported.
You are immune to unholy pain and torment.
Your maximum health is greatly increased.
Your equipment is partially melded.
((You have large cloven feet.))
A weak demonic guardian rushes to your aid.
You regenerate health from kills.
((Your movements are less encumbered by armour. (ER -4)))


Message History

You hit the wight but do no damage. Your kick misses the wight.
The wight is moderately damaged.
The wight hits you with a +5 morningstar!
* * * LOW HITPOINT WARNING * * *
Your shadow imp barely misses the wight.
You closely miss the wight.
The wight is moderately damaged.
The wight hits your shadow imp with a +5 morningstar!
Your shadow imp dies!
Your shadow imp disappears in a puff of smoke!
Things that are here:
a +3 long sword; a +0 robe It was a potion of lignification.
You turn into a tree.
Your +0 helmet melds into your body.
Your +0 chain mail melds into your body.
Your roots penetrate the ground.
The wight hits you with a +5 morningstar.
* * * LOW HITPOINT WARNING * * *
You hit the wight.
The wight is heavily damaged.
The wight hits you but does no damage. The wight hits you with a +0 scimitar.
* * * LOW HITPOINT WARNING * * *
You hit the wight but do no damage.
The wight is heavily damaged.
The wight hits you but does no damage. x2
You hit the wight.
The wight is severely damaged.
You hit the wight.
You destroy the wight!
The wight completely misses you.
Your life force feels restored.
Training target 2.0 for Armour reached!
Your Armour skill increases to level 2!
You hit the wight but do no damage. The wight hits you but does no damage.
You puncture the wight!
The wight is heavily damaged.
The wight hits you with a +0 scimitar.
* * * LOW HITPOINT WARNING * * *
You feel drained.
You die...

### ### #.. ..#
######## #.# #.# #..
...# #.# #.#
#.####.# #.###.####
#.......
#.)♣[....####...##.#
#.z##.#...##..#..#.#
#..##.#.#....###...#
#..##.#...###.#.####
#.....##### ##.## #
##.#### #.# # #.#
##+## # #.# ##...##
# ##.....##


You could see a wight.

Vanquished Creatures
  A water moccasin (D:6)
  Duvessa (D:4)
  An ogre (D:6)
  A phantom (D:4)
  A kobold brigand (D:6)
  A bullfrog (D:6)
  Blork the orc (D:4)
  2 scorpions
  2 wights (D:6)
  Dowan (D:4)
  A howler monkey (D:5)
  3 hounds
  2 jellies
  6 orc priests
  A gnoll bouda (D:6)
  2 iguanas (D:5)
  4 orc wizards
  4 gnolls (D:6)
  8 adders
  3 shadow imps (D:5)
  2 white imps
  An ufetubus (D:4)
  3 worms
  A dart slug (D:4)
  12 orcs
  A bat (D:3)
  7 endoplasms
  2 giant cockroaches
  3 goblins
  10 hobgoblins
  3 quokkas
  6 ball pythons
  4 frilled lizards
  7 kobolds
  7 rats
115 creatures vanquished.

Vanquished Creatures (collateral kills)
  A wight (D:6)
  A hound (D:5)
  An orc priest (D:4)
  An adder (D:2)
  2 orcs (D:4)
6 creatures vanquished.

Grand Total: 121 creatures vanquished

Notes
Turn   | Place    | Note
-------+----------+-------------------------------------------
     0 | D:1      | IdlyInterested the Demonspawn Gladiator began the quest for
                  | the Orb.
     0 | D:1      | Reached XP level 1. HP: 16/16 MP: 1/1
   399 | D:1      | You fall into a shaft and drop 1 floor!
   415 | D:2      | Reached skill level 3 in Short Blades
   415 | D:2      | Gained mutation: A weak demonic guardian rushes to your
                  | aid. [demonic ancestry]
   415 | D:2      | Reached XP level 2. HP: 22/22 MP: 2/2
   493 | D:2      | Reached skill level 1 in Stealth
   493 | D:2      | Gained mutation: Your movements are slightly less
                  | encumbered by armour. (ER -2) [demonic ancestry]
   493 | D:2      | Reached XP level 3. HP: 15/27 MP: 3/3
  1339 | D:2      | Gained mutation: You regenerate a little health from kills.
                  | [demonic ancestry]
  1339 | D:2      | Reached XP level 4. HP: 30/33 MP: 4/4
  1722 | D:3      | Found a faded altar of an unknown god.
  2042 | D:3      | Reached skill level 4 in Short Blades
  2711 | D:4      | Noticed Duvessa
  2721 | D:4      | Noticed Dowan
  2732 | D:4      | Killed Duvessa
  2733 | D:4      | Gained mutation: You have large cloven feet. [demonic
                  | ancestry]
  2733 | D:4      | Reached XP level 5. HP: 19/38 MP: 5/5
  2743 | D:4      | Killed Dowan
  2744 | D:4      | Reached XP level 6. HP: 2/44 MP: 6/6
  3225 | D:4      | Reached skill level 5 in Short Blades
  3825 | D:4      | Noticed Blork the orc
  3838 | D:4      | Killed Blork the orc
  3839 | D:4      | Gained mutation: You regenerate health from kills. [demonic
                  | ancestry]
  3839 | D:4      | Reached XP level 7. HP: 37/50 MP: 7/7
  3916 | D:4      | Found a stormy altar of Qazlal.
  4026 | D:4      | Found a snail-covered altar of Cheibriados.
  4458 | D:5      | Entered Level 5 of the Dungeon
  4623 | D:5      | Found a transporter.
  4727 | D:5      | Reached skill level 6 in Short Blades
  5096 | D:5      | Found a transporter.
  5212 | D:5      | Found an ancient bone altar of Kikubaaqudgha.
  5244 | D:5      | Found a staircase to the Ecumenical Temple.
  5251 | Temple   | Entered the Ecumenical Temple
  5432 | D:5      | Found a blossoming altar of Fedhas.
  5580 | D:6      | Gained mutation: Your movements are less encumbered by
                  | armour. (ER -4) [demonic ancestry]
  5580 | D:6      | Reached XP level 8. HP: 43/58 MP: 8/8
  5720 | D:6      | Reached skill level 7 in Short Blades
  6019 | D:6      | Reached skill level 1 in Armour
  6019 | D:6      | Reached skill level 5 in Stealth
  6700 | D:6      | HP: 1/87 [wight/+0 scimitar (5)]
  6705 | D:6      | HP: 1/90 [wight/+0 scimitar (4)]
  6705 | D:6      | Slain by a wight

Illustrated notes

Levels and vault maps discovered:
D:1:      dpeg_arrival_more_subterranean_lakeside_camping, layout_rooms
D:2:      layout_loops_ring, minivault_24
D:3:      layout_loops_ring, ebering_ecumenical_altar_rust, st_stairs_13,
          roderic_serpentine_path
D:4:      layout_basic, lemuel_coloured_pillars_altar,
          nicolae_qazlal_eye_of_the_storm, uniq_duvessa, uniq_blork_the_orc
D:5:      gammafunk_wand_slinger, layout_basic,
          mainiacjoe_overflow_cross_hatched, mainiacjoe_overflow_alcove_2,
          minmay_temple_entry_junction
D:6:      layout_loops_corners, serial_shops, shop
Temple:   nicolae_temple_god_jail

Skill      XL: |  1  2  3  4  5  6  7  8 |
---------------+-------------------------+-----
Short Blades   | 3 4 5 6 7 |  7.9
Throwing       | 2 |  2.0
Stealth        | 1 2 3 4 5 |  5.4
Dodging        | 3 4 |  4.0
Fighting       | 3 4 |  4.0
Armour         | 2 |  2.0

Action                   |  1- 3 |  4- 6 |  7- 9 || total
-------------------------+-------+-------+-------++-------
Melee: Rapier            |   116 |   147 |   188 ||   451
       Punch             |     1 |     1 |     1 ||     3
       Kick              |       |    22 |    61 ||    83
Throw: Throwing net      |       |     2 |       ||     2
Evoke: Wand              |       |     1 |    13 ||    14
  Use: Scroll            |       |     7 |     4 ||    11
       Potion            |       |     1 |     2 ||     3
 Stab: Sleeping          |       |     6 |     2 ||     8
       Held in net/web   |       |     2 |       ||     2
       Distracted        |       |     2 |       ||     2
Armor: Scale mail        |    41 |       |       ||    41
       Chain mail        |    28 |    13 |    30 ||    71
       Leather armour    |       |    20 |    22 ||    42
       Skin              |       |       |     4 ||     4
Dodge: Dodged            |    70 |    79 |   102 ||   251

Table legend: (Time is in decaauts)
 A = Elapsed time spent in this place.
 B = Non-inter-level travel time spent in this place.
 C = Inter-level travel time spent in this place.
 D = Time resting spent in this place.
 E = Time spent auto-exploring this place.
 F = Levels seen in this place.
 G = Mean time per level.
                   A        B        C        D        E       F      G
               +--------+--------+--------+--------+--------+-----+--------+
         Total |   6681 |   6495 |    186 |   1476 |   3750 |   7 |  954.4 |
       Dungeon |   6609 |   6423 |    186 |   1476 |   3700 |   6 | 1101.5 |
        Temple |     71 |     71 |      0 |      0 |     50 |   1 |   71.0 |
               +--------+--------+--------+--------+--------+-----+--------+

Top non-repeatable levels by time:
     D:4: 1907 daAuts
     D:6: 1139 daAuts
     D:5: 1013 daAuts
     D:2: 923 daAuts
     D:3: 834 daAuts
     D:1: 791 daAuts
  Temple: 71 daAuts
